 Dungeon Crawl Stone Soup version 0.22-a0-803-gd6d8abe (webtiles) character file.

21 iamserjio the Chiller (level 2, -6/15 HPs)
             Began as a Deep Elf Ice Elementalist on July 22, 2018.
             Mangled by a gnoll
             ... wielding a +3 halberd
              (15 damage)
             ... on level 1 of the Dungeon.
             The game lasted 00:01:41 (249 turns).

iamserjio the Chiller (Deep Elf Ice Elementalist)    Turns: 249, Time: 00:01:42

Health: -6/15      AC:  2    Str:  5    XL:     2   Next: 62%
Magic:  1/8        EV: 13    Int: 19    God:
Gold:   14         SH:  0    Dex: 15    Spells: 7/8 levels left

rFire    . . .     SeeInvis .   b - +0 short sword
rCold    . . .     Gourm    .   (no shield)
rNeg     . . .     Faith    .   a - +0 robe
rPois    .         Spirit   .   (no helmet)
rElec    .         Reflect  .   (no cloak)
rCorr    .         Harm     .   (no gloves)
MR       .....                  (no boots)
Stlth    ++........             (no amulet)
HPRegen  0.05/turn              (no ring)
MPRegen  0.11/turn              (no ring)

@: no status effects
A: no striking features
a: no special abilities


You were on level 1 of the Dungeon.
You were not hungry.

You visited 1 branch of the dungeon, and saw 1 of its levels.

You collected 14 gold pieces.

Inventory:

Hand Weapons
 b - a +0 short sword (weapon)
Missiles
 f - 21 arrows
Armour
 a - a +0 robe (worn)
Scrolls
 d - a scroll of magic mapping {unknown}
Potions
 e - 2 potions of cancellation {unknown}
Comestibles
 c - a ration


   Skills:
 + Level 3.0 Dodging
 - Level 2.4 Stealth
 + Level 3.5 Spellcasting
   Level 1.1 Conjurations
 * Level 3.7 Ice Magic


You had 7 spell levels left.
You knew the following spells:

 Your Spells              Type           Power        Failure   Level  Hunger
a - Freeze                Ice            ###.         3%          1    None

Your spell library contained the following spells:

 Spells                   Type           Power        Failure   Level  Hunger
 Throw Frost              Conj/Ice       ##....       9%          2    ##.....
 Summon Ice Beast         Ice/Summ       ##......     54%         4    ####...
 Ozocubu's Armour         Chrm/Ice       ##......     21%         3    ###....
 Throw Icicle             Conj/Ice       ##......     47%         4    ####...


Dungeon Overview and Level Annotations

Branches:
Dungeon (1/15)

Altars:


Message History

You freeze the gnoll.
The gnoll is heavily wounded.
The gnoll barely misses you.
Casting: Freeze (safe; 3% risk of failure)
Confirm with . or Enter, or press ? or * to list all spells.
Aiming: Freeze (safe; 3% risk of failure)
Press: ? - help, Shift-Dir - straight line, f/p - gnoll
Aim: a gnoll, wielding an enchanted halberd (moderately wounded)
You freeze the gnoll.
The gnoll is heavily wounded.
Casting: Freeze (safe; 3% risk of failure)
Confirm with . or Enter, or press ? or * to list all spells.
Aiming: Freeze (safe; 3% risk of failure)
Press: ? - help, Shift-Dir - straight line, f/p - gnoll
Aim: a gnoll, wielding an enchanted halberd (heavily wounded)
You freeze the gnoll.
The gnoll is severely wounded.
The gnoll hits you with an enchanted halberd!
Ouch! That really hurt!
You die...

#.##.†...#
....##......
#.##.....#
.....#.####.
#.##.....#
#..........
#.....#
#.#.#....##
#####.#
#.#......#
#.######.#
#........#
#........#
#.#.#..#†#
########.#
#.#.#..#.#
#@# #
#.#..#.# #g#
#..#.# #g#
#..#.# #.#
#.####.##
#.#
#........
#.#
######.#.
#.#
#......#.
#.#
#.######.
#.#
#........


You could see a gnoll and a hobgoblin.

Vanquished Creatures
  An ooze (D:1)
  A dart slug (D:1)
  A leopard gecko (D:1)
  A goblin (D:1)
  3 hobgoblins (D:1)
  A bat (D:1)
  2 frilled lizards (D:1)
  2 kobolds (D:1)
  3 rats (D:1)
15 creatures vanquished.

Notes
Turn   | Place    | Note
-------+----------+-------------------------------------------
     0 | D:1      | iamserjio the Deep Elf Ice Elementalist began the quest for the Orb.
     0 | D:1      | Reached XP level 1. HP: 10/10 MP: 6/6
   129 | D:1      | Reached XP level 2. HP: 10/15 MP: 5/8
   249 | D:1      | Mangled by a gnoll

Vault maps used:
D:1:      dpeg_arrival_shrine, st_stairs_10

Skill      XL: |  1  2 |
---------------+-------+-----
Dodging        | 3 |  3.0
Stealth        | |  2.4
Spellcasting   | |  3.5
Conjurations   | |  1.1
Ice Magic      | |  3.7

Action                   || total
-------------------------++-------
Melee: Short sword       ||     1
 Cast: Freeze            ||    28
Armor: Robe              ||     4
Dodge: Dodged            ||    13

Table legend:
 A = Spawn XP
 B = Non-spawn XP
 C = Spawn XP percentage of total XP
 D = Spawn monster count
 E = Non-spawn monster count
 F = Spawn count percentage of total count
 G = Total turns spent on level
                    A         B        C        D         E        F      G
               +---------+---------+-------+---------+---------+-------+---------
         Total |       0 |      30 |   0.0 |       0 |      15 |   0.0 |   249
               +---------+---------+-------+---------+---------+-------+---------
           D:1 |       0 |      30 |   0.0 |       0 |      15 |   0.0 |   249
               +---------+---------+-------+---------+---------+-------+---------
